 Dungeon Crawl Stone Soup version 0.17-a0-2055-gb4e23be (webtiles) character file.

69 SlimeFever the Insei (level 4, -10/35 HPs)
             Began as a Demonspawn Monk on Oct 11, 2015.
             Mangled by Sigmund
             ... wielding a +0 scythe
              (13 damage)
             ... on level 3 of the Dungeon.
             The game lasted 00:10:11 (1758 turns).

SlimeFever the Insei (Demonspawn Monk)              Turns: 1758, Time: 00:10:11

Health: -10/35     AC:  3    Str: 17    XL:     4   Next: 2%
Magic:  4/4        EV: 16    Int: 11    God:
Gold:   146        SH:  0    Dex: 16    Spells: 0 memorised, 3 levels left

rFire  . . .     SeeInvis .       - Unarmed
rCold  . . .     Clarity  .     n - +0 robe
rNeg   . . .     SustAt   .     (no shield)
rPois  .         Gourm    .     (no helmet)
rElec  .         Spirit   .     (no cloak)
rCorr  .         Warding  .     c - +0 pair of gloves
rMut   .         Stasis   .     (no boots)
MR     .....                    (no amulet)
Stlth  ++........               (no ring)
                                (no ring)

@: mighty, about to teleport, not resistant to hostile enchantments, unstealthy
A: repulsion field 1, demonic guardian 1, powered by pain 1
a: no special abilities


You were on level 3 of the Dungeon.
You were not hungry.

You visited 1 branch of the dungeon, and saw 3 of its levels.

You collected 146 gold pieces.

Inventory:

Hand Weapons
 a - a +0 hunting sling
Missiles
 g - 28 sling bullets
 i - 6 arrows
 l - 5 javelins (quivered)
Armour
 c - a +0 pair of gloves (worn)
 n - a +0 robe (worn)
Scrolls
 d - a scroll of identify
Potions
 e - a potion of curing
 h - a potion of might {unknown}
Comestibles
 b - 4 bread rations
 m - a slice of pizza


   Skills:
 + Level 3.0 Fighting
 + Level 0.1 Throwing
 * Level 3.5 Dodging
 + Level 1.8 Stealth
 * Level 4.4 Unarmed Combat


You had 3 spell levels left.
You didn't know any spells.

Dungeon Overview and Level Annotations

Branches:
Dungeon (3/15)

Altars:
Ashenzari
Elyvilon
Zin
The Shining One

Annotations:
D:3 Sigmund


Innate Abilities, Weirdness & Mutations

You are surrounded by a mild repulsion field (EV +2).
A weak demonic guardian rushes to your aid.
You sometimes gain a little power by taking damage.


Message History

You feel agile.
Your demonic ancestry asserts itself...
You feel energised by your suffering.
A magic dart appears from out of thin air!
The magic dart hits you!
You see here a spear.
Something hits you!
* * * LOW HITPOINT WARNING * * *
You focus on the pain.
You feel very mighty all of a sudden. Something hits you.
* * * LOW HITPOINT WARNING * * *
You see here a giant gecko corpse.
It was a potion of curing.
You feel better. Something hits you!
* * * LOW HITPOINT WARNING * * *
You see here a scroll of teleportation.
f - a scroll of teleportation Something closely misses you.
As you read the scroll of teleportation, it crumbles to dust.
You feel strangely unstable. Something hits you!
You die...

.....#..##.....##.
#..............(..
......?....)....#
h.......†.......#
.......†..<.....#
.<...........>..#
...........(....#
.(..............#
..........?@....#
...............$#
...........){...#
..##.......5....#
#########.##.#
#....# ###.)# #..#
####


You could see a friendly crimson imp.

Vanquished Creatures
  3 adders (D:2)
  2 worms (D:2)
  2 giant geckos
  3 bats
  A giant cockroach (D:3)
  6 goblins
  5 hobgoblins
  2 jackals (D:3)
  3 giant newts (D:2)
  3 kobolds
  5 rats
35 creatures vanquished.

Notes
Turn   | Place    | Note
--------------------------------------------------------------
     0 | D:1      | SlimeFever the Demonspawn Monk began the quest for the Orb.
     0 | D:1      | Reached XP level 1. HP: 18/18 MP: 1/1
    69 | D:1      | Found a shattered altar of Ashenzari.
   862 | D:1      | Gained mutation: You are surrounded by a mild repulsion field (EV +2). [demonic ancestry]
   862 | D:1      | Reached XP level 2. HP: 21/24 MP: 2/2
   901 | D:2      | Reached skill level 4 in Unarmed Combat
  1012 | D:2      | Found a white marble altar of Elyvilon.
  1012 | D:2      | Found a glowing golden altar of the Shining One.
  1012 | D:2      | Found a glowing silver altar of Zin.
  1112 | D:2      | Gained mutation: A weak demonic guardian rushes to your aid. [demonic ancestry]
  1112 | D:2      | Reached XP level 3. HP: 2/29 MP: 3/3
  1656 | D:3      | Noticed Sigmund
  1750 | D:3      | Gained mutation: You sometimes gain a little power by taking damage. [demonic ancestry]
  1750 | D:3      | Reached XP level 4. HP: 19/35 MP: 4/4
  1758 | D:3      | Mangled by Sigmund

Vault maps used:
D:1:      tarquinn_simple_flora_water_d, hangedman_decor_lopped,
          ashenzari_altar_1
D:2:      good_gods_mini_temple, first_bread, solitary_fountain
D:3:      fedhas_altar_4, uniq_sigmund

Action                   |  1- 3 |  4- 6 || total
-------------------------+-------+-------++-------
Melee: Unarmed           |   129 |       ||   129
Throw: Javelin           |    10 |       ||    10
  Use: Scroll            |     3 |     1 ||     4
       Potion            |       |     1 ||     1
 Stab: Sleeping          |     3 |       ||     3
  Eat: Meat ration       |     1 |       ||     1
